 Dungeon Crawl Stone Soup version 0.23.2-33-g5129a83184 (webtiles) character file.

Game seed: 15218753802386867779

72582 troglodite the Thaumaturge (level 15, -1/117 HPs)
             Began as a Gnoll Skald on June 26, 2019.
             Was the Champion of the Shining One.
             Slain by an orc warrior
             ... wielding a +0 trident
              (19 damage)
             ... on level 2 of the Orcish Mines on June 27, 2019.
             The game lasted 01:33:21 (26101 turns).

troglodite the Thaumaturge (Gnoll Skald)           Turns: 26101, Time: 01:33:22

Health: -1/117     AC: 25    Str: 14    XL:     15   Next: 40%
Magic:  29/29      EV: 11    Int: 20    God:    the Shining One [******]
Gold:   2070       SH: 12    Dex: 19    Spells: 22/35 levels left

rFire    + . .     SeeInvis .   A - +7 scimitar of Modesty {freeze, rElec Dex+3}
rCold    . . .     Gourm    .   p - +0 shield {reflect}
rNeg     + + +     Faith    +   c - +3 chain mail {rF+}
rPois    .         Spirit   .   Q - +2 helmet
rElec    +         Reflect  +   s - +2 cloak
rCorr    .         Harm     .   w - +2 pair of gloves
MR       ++...                  (no boots)
Stlth    +.........             y - amulet of faith
HPRegen  0.29/turn              P - ring of protection from magic
MPRegen  0.21/turn              C - ring of wizardry

@: glowing
A: distributed training, fangs 1, strong nose
a: Divine Shield, Cleansing Flame, Summon Divine Warrior, Brand Weapon With Holy
Wrath, Renounce Religion


You were on level 2 of the Orcish Mines.
You worshipped the Shining One.
The Shining One was exalted by your worship.
You were not hungry.

You visited 4 branches of the dungeon, and saw 23 of its levels.
You also visited: Bailey and Ice Cave.

You collected 2174 gold pieces.
You spent 104 gold pieces at shops.

Inventory:

Hand Weapons
 z - a +3 trident of freezing
 A - the +7 scimitar of Modesty (weapon) {freeze, rElec Dex+3}
   (You found it on level 1 of the Lair of Beasts)

   It has been specially enchanted to freeze those struck by it, causing extra
   injury to most foes and up to half again as much damage against particularly
   susceptible opponents.
   It can also slow down cold-blooded creatures.
   It affects your dexterity (+3).
   It insulates you from electricity.
 V - a +3 scimitar of flaming
Missiles
 B - 3 throwing nets
 T - 73 tomahawks of returning (quivered)
Armour
 c - a +3 chain mail of fire resistance (worn)
 p - a +0 shield of reflection (worn)
 s - a +2 cloak (worn)
 u - a +0 shield
 w - a +2 pair of gloves (worn)
 Q - a +2 helmet (worn)
Jewellery
 b - an uncursed amulet of the acrobat
 m - a +4 ring of intelligence
 y - an amulet of faith (around neck)
 C - a ring of wizardry (right hand)
 F - an uncursed ring of protection from magic
 I - an uncursed ring of resist corrosion
 P - a ring of protection from magic (left hand)
Wands
 f - a wand of iceblast (20)
 x - a wand of enslavement (8)
 D - a wand of disintegration (31)
 E - a wand of digging (15)
 H - a wand of polymorph (30)
 W - a wand of flame (78)
 X - a wand of acid (9)
Scrolls
 e - 12 scrolls of remove curse
 j - 4 scrolls of fear
 n - 4 scrolls of teleportation
 r - 3 scrolls of identify
 v - a scroll of magic mapping
 G - 5 scrolls of fog
Potions
 g - 5 potions of berserk rage
 h - 13 potions of curing
 i - 3 potions of flight
 k - 3 potions of mutation
 l - 4 potions of brilliance
 o - 4 potions of might
 q - 11 potions of heal wounds
 t - 3 potions of haste
 K - a potion of lignification
 R - a potion of resistance
 U - 3 potions of magic
 Y - 2 potions of agility
Comestibles
 d - 21 rations


   Skills:
 + Level 10.7 Fighting
 + Level 9.7 Short Blades
 + Level 9.7 Long Blades
 + Level 9.7 Axes
 + Level 9.7 Maces & Flails
 + Level 10.7 Polearms
 + Level 9.7 Staves
 + Level 9.7 Slings
 + Level 9.7 Bows
 + Level 9.7 Crossbows
 + Level 9.7 Throwing
 + Level 10.1 Armour
 + Level 10.7 Dodging
 + Level 9.7 Stealth
 + Level 9.7 Shields
 + Level 9.7 Unarmed Combat
 + Level 10.8 Spellcasting
 + Level 8.1 Conjurations
 + Level 8.1 Hexes
 + Level 9.8 Charms
 + Level 8.1 Summonings
 + Level 8.1 Necromancy
 + Level 8.1 Translocations
 + Level 8.1 Transmutations
 + Level 8.1 Fire Magic
 + Level 8.1 Ice Magic
 + Level 8.1 Air Magic
 + Level 8.1 Earth Magic
 + Level 8.1 Poison Magic
 + Level 10.5 Invocations
 + Level 9.7 Evocations


You had 22 spell levels left.
You knew the following spells:

 Your Spells              Type           Power        Failure   Level  Hunger
a - Infusion              Chrm           ####         1%          1    None
b - Spectral Weapon       Hex/Chrm       #####...     5%          3    None
c - Regeneration          Chrm/Necr      #####.....   5%          3    None
d - Searing Ray           Conj           #####.       4%          2    None
e - Magic Dart            Conj           ####         2%          1    None
f - Ignite Poison         Fire/Tmut/Pois #####...     8%          3    None

Your spell library contained the following spells:

 Spells                   Type           Power        Failure   Level  Hunger
 Song of Slaying          Chrm           ######..     1%          2    None
 Shroud of Golubria       Chrm/Tloc      #####.....   2%          2    None
 Poisonous Vapours        Pois/Air       #####.       4%          2    None
 Sublimation of Blood     Necr           #####.....   4%          2    None
 Conjure Flame            Conj/Fire      #####...     8%          3    None
 Dazzling Spray           Conj/Hex       #####.       8%          3    None
 Gell's Gravitas          Tloc           #####.....   8%          3    None
 Mephitic Cloud           Conj/Pois/Air  #####...     8%          3    None
 Portal Projectile        Hex/Tloc       #####.       8%          3    None
 Force Lance              Conj/Tloc      #####...     24%         4    ##.....
 Fulminant Prism          Conj/Hex       #####.....   24%         4    ##.....
 Iskenderun's Mystic Bla  Conj           #####...     24%         4    ##.....
 Petrify                  Tmut/Erth      #####...     24%         4    ##.....
 Alistair's Intoxication  Tmut/Pois      #####...     52%         5    ####...
 Irradiate                Conj/Tmut      #####.....   52%         5    ####...
 Dispersal                Tloc           #####.....   97%         6    ######.
 Freezing Cloud           Conj/Ice/Air   #####.....   97%         6    ######.
 Ring of Flames           Chrm/Fire      #####.....   100%        7    #######
 Controlled Blink         Tloc           N/A          100%        8    #######
 Disjunction              Tloc           #####.....   100%        8    #######


Dungeon Overview and Level Annotations

Branches:
Dungeon (14/15)            Temple (1/1) D:4            Lair (6/6) D:9
  Swamp (0/4) Lair:3        Snake (0/4) Lair:2        Slime (0/5) Lair:6
    Orc (2/2) D:9             Elf (0/3) Orc:2        Vaults (0/5) D:13

Altars:
Ashenzari
Cheibriados
Dithmenos
Elyvilon
Fedhas
Gozag
Hepliaklqana
Kikubaaqudgha
Makhleb
Nemelex Xobeh
Okawaru
Qazlal
Ru
Sif Muna
Trog
Uskayaw
Vehumet
Wu Jian
Xom
Yredelemnul
Zin
The Shining One
Jiyva
Lugonu

Shops:
D:4 !


Innate Abilities, Weirdness & Mutations

Your experience applies equally to all skills.
You have very sharp teeth.
Your uncanny sense of smell can sniff out nearby items.


Message History

The orc warrior hits you with a +0 flail!
The orc hits your spectral weapon with a +0 whip!
Your spectral weapon shares its damage with you!
Your spectral weapon fades away.
The orc knight shoots a bolt.
The bolt hits you!!
* * * LOW HITPOINT WARNING * * *
An orc comes into view. It is wielding a +0 trident.
The orc warrior hits you with a +0 flail!!
The Shining One protects you from harm!
You hear a howl!
Items here: (( ) [ ÷ † A warg comes into view.
There is a stone staircase leading up, spattered with blood here.
Things that are here:
2 tomahawks; 2 bolts The orc knight unwields a +0 arbalest.
The orc knight wields a +2 vampiric war axe.
The orc knight hits you but does no damage.
The orc warrior hits you from afar with a +0 trident!!
You die...

.... .. .... .. ..... ..
................ .....##.
....#......#.... .......(
...............
......#.####..#.......>..#
.##...o#)..(##......<.....
#.....)ooh...#............
.......)oo÷..##(..........
#.....[##@((((............
.#...##...................
#.....<..(...............
..#.....#..(..(...........
. ###.....................
###.#.#...............
######..<...........
#................
#................#


You could see an orc knight, a warg, 2 orc warriors and 2 orcs.

Vanquished Creatures
  Donald (D:9)
  8 hydras
  Harold (Lair:2)
  2 centaur warriors (D:13)
  Erica (Lair:2)
  6 two-headed ogres
  An ogre mage (Orc:2)
  An unseen horror (D:12)
  A wolf spider zombie (D:12)
  A necromancer (D:13)
  An orc sorcerer (Orc:2)
  A deep elf mage (D:13)
  8 ugly things
  3 orc knights
  4 oklob plants
  3 black mambas
  13 elephants
  Joseph (D:8)
  Psyche (D:8)
  4 komodo dragons
  10 spiny frogs
  A kobold demonologist (D:13)
  2 rime drakes (Lair:4)
  2 ice devils (D:12)
  10 trolls
  2 polar bears
  2 tyrant leeches (Lair:3)
  Grinder (D:5)
  18 blink frogs
  A hornet (D:9)
  11 hippogriffs
  A meliai zombie (D:10)
  2 small abominations (D:7)
  A shadow (D:12)
  5 wyverns
  12 yaks
  3 hogs (D:11)
  A hungry ghost (D:8)
  A human (D:11)
  3 basilisks
  Grum (D:11)
  A steam dragon (D:9)
  5 wargs
  A swamp worm (Lair:3)
  25 water moccasins
  8 porcupines
  9 orc warriors
  5 ice beasts
  2 black bears
  2 eyes of draining
  9 wolves
  4 sky beasts
  A phantom (D:9)
  11 ogres
  9 centaurs
  9 crocodiles
  Blork the orc (D:4)
  3 big kobolds
  22 bullfrogs
  7 scorpions
  A killer bee (D:11)
  7 wights
  6 howler monkeys
  An electric eel (Lair:4)
  7 crimson imps
  A centaur zombie (D:10)
  4 bullfrog zombies
  A quasit (D:8)
  3 bullfrog skeletons
  9 hounds
  2 jellies
  10 orc priests
  9 orc wizards
  5 worker ants
  4 iguanas
  20 gnolls
  25 adders
  4 shadow imps
  3 oozes (D:3)
  2 worms (D:3)
  3 dart slugs
  4 leopard geckos
  59 orcs
  6 bats
  5 giant cockroaches
  7 goblins
  20 hobgoblins
  14 jackals
  9 quokkas
  3 ball pythons (Lair:2)
  4 frilled lizards
  A jackal skeleton (D:7)
  35 kobolds
  A leopard gecko zombie (D:4)
  7 rats
  A fungus (Lair:1)
  3 plants
592 creatures vanquished.

Vanquished Creatures (collateral kills)
  An ugly thing (D:7)
  3 small abominations (D:7)
4 creatures vanquished.

Vanquished Creatures (others)
  A two-headed ogre (D:11)
  2 yaks (D:11)
  A crocodile (D:11)
  2 killer bees (D:11)
  7 fungi
  2 plants
  22 spectral weapons
37 creatures vanquished.

Grand Total: 633 creatures vanquished

Notes
Turn   | Place    | Note
-------+----------+-------------------------------------------
     0 | D:1      | troglodite the Gnoll Skald began the quest for the Orb.
     0 | D:1      | Reached XP level 1. HP: 20/20 MP: 6/6
   104 | D:1      | Reached XP level 2. HP: 22/26 MP: 7/7
   678 | D:2      | Reached XP level 3. HP: 29/31 MP: 9/9
   725 | D:2      | Reached skill level 5 in Spellcasting
   787 | D:2      | Reached skill level 1 in Invocations
  1067 | D:2      | Found a deep blue altar of Sif Muna.
  1181 | D:3      | Found a sacrificial altar of Ru.
  1265 | D:3      | Found a hide-covered altar of Uskayaw.
  1278 | D:3      | Reached skill level 1 in Short Blades
  1278 | D:3      | Reached skill level 1 in Long Blades
  1278 | D:3      | Reached skill level 1 in Axes
  1278 | D:3      | Reached skill level 1 in Maces & Flails
  1278 | D:3      | Reached skill level 1 in Staves
  1278 | D:3      | Reached skill level 1 in Slings
  1278 | D:3      | Reached skill level 1 in Bows
  1278 | D:3      | Reached skill level 1 in Crossbows
  1278 | D:3      | Reached skill level 1 in Throwing
  1278 | D:3      | Reached skill level 1 in Stealth
  1278 | D:3      | Reached skill level 1 in Shields
  1278 | D:3      | Reached skill level 1 in Unarmed Combat
  1278 | D:3      | Reached skill level 1 in Evocations
  1326 | D:3      | Reached XP level 4. HP: 26/38 MP: 11/11
  1626 | D:3      | Learned a level 3 spell: Spectral Weapon
  1981 | D:3      | Reached skill level 1 in Conjurations
  1981 | D:3      | Reached skill level 1 in Hexes
  1981 | D:3      | Reached skill level 1 in Summonings
  1981 | D:3      | Reached skill level 1 in Necromancy
  1981 | D:3      | Reached skill level 1 in Translocations
  1981 | D:3      | Reached skill level 1 in Transmutations
  1981 | D:3      | Reached skill level 1 in Fire Magic
  1981 | D:3      | Reached skill level 1 in Ice Magic
  1981 | D:3      | Reached skill level 1 in Air Magic
  1981 | D:3      | Reached skill level 1 in Earth Magic
  1981 | D:3      | Reached skill level 1 in Poison Magic
  2459 | D:3      | Reached XP level 5. HP: 43/43 MP: 8/12
  2831 | D:4      | Found an iron altar of Okawaru.
  2884 | D:4      | Learned a level 3 spell: Regeneration
  3045 | D:4      | Found a staircase to the Ecumenical Temple.
  3054 | Temple   | Entered the Ecumenical Temple
  3139 | Temple   | Became a worshipper of the Shining One
  3220 | D:4      | Reached XP level 6. HP: 43/50 MP: 13/13
  3237 | D:4      | Found a sparkling altar of Nemelex Xobeh.
  3418 | D:4      | Reached skill level 5 in Fighting
  3418 | D:4      | Reached skill level 5 in Polearms
  3418 | D:4      | Reached skill level 5 in Dodging
  3786 | D:4      | Found Xunari's Distillery.
  3830 | D:4      | Bought a potion of curing for 39 gold pieces
  3830 | D:4      | Bought a potion of heal wounds for 65 gold pieces
  3901 | D:4      | Noticed Blork the orc
  3908 | D:4      | Killed Blork the orc
  3908 | D:4      | Reached XP level 7. HP: 39/56 MP: 11/15
  4181 | D:5      | Entered Level 5 of the Dungeon
  4200 | D:5      | Noticed Grinder
  4216 | D:5      | Killed Grinder
  4415 | D:5      | Found a hazy altar of Hepliaklqana.
  4419 | D:5      | Found a snail-covered altar of Cheibriados.
  4420 | D:5      | Found a deep blue altar of Sif Muna.
  4594 | D:5      | Reached XP level 8. HP: 55/63 MP: 16/16
  4625 | D:5      | Reached * piety under the Shining One
  4794 | D:5      | Found a stormy altar of Qazlal.
  4929 | D:5      | Found a shimmering altar of Xom.
  5865 | D:6      | Found a shattered altar of Ashenzari.
  6271 | D:7      | Reached XP level 9. HP: 69/69 MP: 14/18
  6878 | D:7      | Found a transporter.
  6878 | D:7      | Noticed a green ugly thing
  6879 | D:7      | Noticed a brown ugly thing
  6881 | D:7      | Found a corrupted altar of Lugonu.
  6881 | D:7      | Reached ** piety under the Shining One
  6881 | D:7      | Noticed a purple ugly thing
  6882 | D:7      | Noticed a purple ugly thing
  6903 | D:7      | Reached skill level 5 in Armour
  7135 | D:7      | Found a transporter.
  7479 | D:7      | Upgraded the game from 0.23.2-30-g0e89c35649 to
                  | 0.23.2-33-g5129a83184
  7677 | D:8      | Noticed Psyche
  7688 | D:8      | Killed Psyche
  7688 | D:8      | Reached skill level 5 in Invocations
  7696 | D:8      | Noticed a two-headed ogre
  7722 | D:8      | Noticed Joseph
  7724 | D:8      | Killed a two-headed ogre
  7724 | D:8      | Reached XP level 10. HP: 8/77 MP: 13/20
  7726 | D:8      | HP: 3/77 [hound (3)]
  7735 | D:8      | Killed Joseph
  7735 | D:8      | Reached skill level 5 in Short Blades
  7735 | D:8      | Reached skill level 5 in Long Blades
  7735 | D:8      | Reached skill level 5 in Axes
  7735 | D:8      | Reached skill level 5 in Maces & Flails
  7735 | D:8      | Reached skill level 5 in Staves
  7735 | D:8      | Reached skill level 5 in Slings
  7735 | D:8      | Reached skill level 5 in Bows
  7735 | D:8      | Reached skill level 5 in Crossbows
  7735 | D:8      | Reached skill level 5 in Throwing
  7735 | D:8      | Reached skill level 5 in Stealth
  7735 | D:8      | Reached skill level 5 in Shields
  7735 | D:8      | Reached skill level 5 in Unarmed Combat
  7735 | D:8      | Reached skill level 5 in Evocations
  8122 | D:8      | Got a distressingly furry robe
  8133 | D:8      | Identified the cursed +0 robe of Ofuzuiny {Dex+7} (You
                  | found it on level 8 of the Dungeon)
  8476 | D:9      | Found a staircase to the Orcish Mines.
  8495 | D:9      | Got a tattered robe
  8506 | D:9      | Identified the cursed +1 robe of the First Snow {rPois}
                  | (You found it on level 9 of the Dungeon)
  9340 | D:9      | Reached *** piety under the Shining One
  9410 | D:9      | Found a staircase to the Lair.
  9711 | D:10     | Entered Level 10 of the Dungeon
  9799 | D:10     | Reached XP level 11. HP: 57/84 MP: 18/22
 10311 | D:10     | Learned a level 2 spell: Searing Ray
 10313 | D:10     | Learned a level 1 spell: Magic Dart
 10636 | D:11     | Noticed a two-headed ogre
 10696 | D:11     | Noticed a purple ugly thing
 10705 | D:11     | Killed a purple ugly thing
 10705 | D:11     | Reached skill level 5 in Conjurations
 10705 | D:11     | Reached skill level 5 in Hexes
 10705 | D:11     | Reached skill level 5 in Summonings
 10705 | D:11     | Reached skill level 5 in Necromancy
 10705 | D:11     | Reached skill level 5 in Translocations
 10705 | D:11     | Reached skill level 5 in Transmutations
 10705 | D:11     | Reached skill level 5 in Fire Magic
 10705 | D:11     | Reached skill level 5 in Ice Magic
 10705 | D:11     | Reached skill level 5 in Air Magic
 10705 | D:11     | Reached skill level 5 in Earth Magic
 10705 | D:11     | Reached skill level 5 in Poison Magic
 10866 | D:11     | Reached **** piety under the Shining One
 10922 | D:11     | Noticed Grum
 10943 | D:11     | HP: 2/85 [wolf[Grum] (4)]
 11317 | D:11     | Killed Grum
 11391 | D:11     | Noticed a two-headed ogre
 11398 | D:11     | Killed a two-headed ogre
 11430 | D:11     | Killed a two-headed ogre
 12219 | D:12     | Noticed an unseen horror
 12235 | D:12     | Killed an unseen horror
 12300 | D:12     | Found a frozen archway.
 12310 | IceCv    | Entered an ice cave
 12441 | D:12     | Noticed a white ugly thing
 12453 | D:12     | Killed a white ugly thing
 12511 | D:12     | Noticed a cyan ugly thing
 12524 | D:12     | Killed a cyan ugly thing
 12795 | D:12     | Reached XP level 12. HP: 92/93 MP: 21/24
 12930 | D:12     | Noticed a two-headed ogre
 12944 | D:12     | Killed a two-headed ogre
 13277 | D:12     | Reached ***** piety under the Shining One
 13743 | D:13     | Found a flagged portal.
 13763 | Bailey   | Entered a bailey
 14094 | Bailey   | Reached XP level 13. HP: 101/101 MP: 24/26
 15119 | D:13     | Found a gate to the Vaults.
 15392 | Orc:1    | Entered Level 1 of the Orcish Mines
 15974 | Orc:2    | Entered Level 2 of the Orcish Mines
 16156 | Orc:2    | Found a staircase to the Elven Halls.
 16375 | Orc:2    | Reached XP level 14. HP: 95/108 MP: 24/27
 16409 | Orc:2    | Noticed Donald
 16779 | Lair:1   | Entered Level 1 of the Lair of Beasts
 18262 | Lair:1   | Got an ebony scimitar
 18273 | Lair:1   | Identified the +7 scimitar of Modesty {freeze, rElec Dex+3}
                  | (You found it on level 1 of the Lair of Beasts)
 19143 | Lair:2   | Noticed Erica
 19147 | Lair:2   | Killed Erica
 19147 | Lair:2   | Reached skill level 10 in Spellcasting
 19356 | Lair:2   | Learned a level 3 spell: Ignite Poison
 19476 | Lair:2   | Found a staircase to the Snake Pit.
 19612 | Lair:2   | Noticed Harold
 19620 | Lair:2   | Killed Harold
 19620 | Lair:2   | Reached skill level 10 in Fighting
 19620 | Lair:2   | Reached skill level 10 in Polearms
 19620 | Lair:2   | Reached skill level 10 in Dodging
 20079 | Lair:3   | Found a staircase to the Swamp.
 20085 | Lair:3   | Reached ****** piety under the Shining One
 20464 | Lair:3   | Got a polished war axe
 20465 | Lair:3   | Identified the +11 war axe "Qexuthax" {drain, rF- rC+
                  | Int+7} (You found it on level 3 of the Lair of Beasts)
 22159 | Lair:4   | Reached skill level 10 in Invocations
 22771 | Lair:5   | Found a radiant altar of Vehumet.
 23432 | Lair:5   | Reached XP level 15. HP: 92/116 MP: 20/29
 23532 | Lair:6   | Entered Level 6 of the Lair of Beasts
 23539 | Lair:6   | Found a viscous altar of Jiyva.
 23539 | Lair:6   | Found a staircase to the Slime Pits.
 25308 | D:7      | Reached skill level 10 in Armour
 25594 | D:9      | Killed Donald
 26099 | Orc:2    | The Shining One protects you from harm!
 26101 | Orc:2    | Slain by an orc warrior

Skill      XL: |  1  2  3  4  5  6  7  8  9 10 11 12 13 14 15 |
---------------+----------------------------------------------+-----
Spellcasting   | 5 6 7 8 9 10 | 10.8
Invocations    | 1 2 3 4 5 6 7 8 9 10 | 10.5
Short Blades   | 1 2 3 4 5 6 7 8 9 |  9.7
Long Blades    | 1 2 3 4 5 6 7 8 9 |  9.7
Axes           | 1 2 3 4 5 6 7 8 9 |  9.7
Maces & Flails | 1 2 3 4 5 6 7 8 9 |  9.7
Staves         | 1 2 3 4 5 6 7 8 9 |  9.7
Slings         | 1 2 3 4 5 6 7 8 9 |  9.7
Bows           | 1 2 3 4 5 6 7 8 9 |  9.7
Crossbows      | 1 2 3 4 5 6 7 8 9 |  9.7
Throwing       | 1 2 3 4 5 6 7 8 9 |  9.7
Stealth        | 1 2 3 4 5 6 7 8 9 |  9.7
Shields        | 1 2 3 4 5 6 7 8 9 |  9.7
Unarmed Combat | 1 2 3 4 5 6 7 8 9 |  9.7
Evocations     | 1 2 3 4 5 6 7 8 9 |  9.7
Conjurations   | 1 2 3 4 5 6 7 8 |  8.1
Hexes          | 1 2 3 4 5 6 7 8 |  8.1
Summonings     | 1 2 3 4 5 6 7 8 |  8.1
Necromancy     | 1 2 3 4 5 6 7 8 |  8.1
Translocations | 1 2 3 4 5 6 7 8 |  8.1
Transmutations | 1 2 3 4 5 6 7 8 |  8.1
Fire Magic     | 1 2 3 4 5 6 7 8 |  8.1
Ice Magic      | 1 2 3 4 5 6 7 8 |  8.1
Air Magic      | 1 2 3 4 5 6 7 8 |  8.1
Earth Magic    | 1 2 3 4 5 6 7 8 |  8.1
Poison Magic   | 1 2 3 4 5 6 7 8 |  8.1
Armour         | 3 4 5 6 7 8 9 10 | 10.1
Fighting       | 5 6 7 8 9 10 | 10.7
Polearms       | 5 6 7 8 9 10 | 10.7
Dodging        | 5 6 7 8 9 10 | 10.7
Charms         | 6 7 8 9 |  9.8

Action                   |  1- 3 |  4- 6 |  7- 9 | 10-12 | 13-15 || total
-------------------------+-------+-------+-------+-------+-------++-------
Melee: Spear             |   161 |   206 |    68 |       |       ||   435
       Bite              |    10 |    22 |    27 |    67 |   102 ||   228
       Punch             |       |     1 |     1 |       |       ||     2
       Trident           |       |       |   232 |   659 |   247 ||  1138
       Scimitar          |       |       |       |       |   458 ||   458
Throw: Tomahawk          |       |       |       |       |    89 ||    89
       Javelin           |       |       |       |       |     6 ||     6
       Throwing net      |       |       |       |       |     2 ||     2
 Cast: Spectral Weapon   |       |     5 |    14 |    42 |    64 ||   125
       Magic Dart        |       |       |       |       |     9 ||     9
Invok: Summon Divine War |       |       |       |       |     1 ||     1
Evoke: Wand              |       |       |       |       |     1 ||     1
  Use: Scroll            |       |       |       |    34 |     8 ||    42
       Potion            |       |       |       |     3 |     2 ||     5
 Stab: Sleeping          |     1 |     3 |       |       |       ||     4
  Eat: Chunk             |     1 |     8 |    14 |    12 |    18 ||    53
       Ration            |       |       |       |     3 |     6 ||     9
Armor: Leather armour    |    10 |       |       |       |       ||    10
       Ring mail         |    23 |    25 |    75 |    10 |       ||   133
       Troll leather arm |       |       |       |   138 |    76 ||   214
       Chain mail        |       |       |       |       |   227 ||   227
Dodge: Dodged            |   107 |    85 |   143 |   367 |   436 ||  1138
Block: Shield            |       |       |   118 |   336 |   450 ||   904
       Reflection        |       |       |       |       |     6 ||     6
       Rpst.: Scimitar   |       |       |       |       |    61 ||    61
